 Dungeon Crawl Stone Soup version 0.26.1-11-gd32895ea62 (webtiles) character file.

Game seed: 14923317782919645288

11081 Eitelfritz the Demolition Demonspawn (level 11, -8/81 HPs)
             Began as a Demonspawn Gladiator on Apr 24, 2021.
             Was an Elder of Makhleb.
             Engulfed by an ice statue's freezing vapour (14 damage)
             ... in an ice cave.
             The game lasted 00:31:37 (13359 turns).

Eitelfritz the Demolition Demonspawn (DsGl)        Turns: 13359, Time: 00:31:37

Health: -8/81      AC: 19    Str: 17    XL:     11   Next: 44%
Magic:  0/18       EV: 12    Int: 10    God:    Makhleb [****..]
Gold:   746        SH:  0    Dex: 15    Spells: 10/10 levels left

rFire    . . .     SeeInvis .   a - +1 long sword
rCold    . . .     Faith    .   (no shield)
rNeg     + . .     Spirit   +   o - +0 scale mail {rN+}
rPois    .         Reflect  .   c - +0 helmet
rElec    .         Harm     .   z - +1 cloak
rCorr    +         Rampage  .   (no gloves)
Will     +....                  (no boots)
Stlth    ..........             y - amulet of regeneration (curse)
HPRegen  0.63/turn              L - +4 ring of protection
MPRegen  0.16/turn              u - ring of willpower

@: mighty, hasted, very quick
A: hooves 1, yellow scales 3, spiny 2, magic shield
a: Renounce Religion, Minor Destruction, Lesser Servant of Makhleb, Major
Destruction


You were in an ice cave.
You worshipped Makhleb.
Makhleb was greatly pleased with you.
You visited 1 branch of the dungeon, and saw 12 of its levels.
You also visited: Ice Cave.

You collected 746 gold pieces.

Inventory:

Hand Weapons
 a - a +1 long sword (weapon)
Missiles
 b - 43 poisoned darts (quivered)
 d - 4 throwing nets
 v - 14 boomerangs
Armour
 c - a +0 helmet (worn)
 o - a +0 scale mail of positive energy (worn)
 z - a +1 cloak (worn)
 I - a +0 troll leather armour
Jewellery
 l - a +6 ring of strength
 u - a ring of willpower (right hand)
 y - a cursed amulet of regeneration (around neck)
 E - an uncursed ring of stealth
 G - an uncursed ring of see invisible
 L - a +4 ring of protection (left hand)
Wands
 k - a wand of iceblast (21)
 s - a wand of random effects (15)
 t - a wand of disintegration (25)
 A - a wand of flame (24)
 B - a wand of digging (6)
 F - a wand of acid (11)
 H - a wand of paralysis (11)
 K - a wand of polymorph (10)
Scrolls
 f - 5 scrolls of teleportation
 i - a scroll of immolation
 j - 3 scrolls of fog
 D - a scroll of identify
 J - 3 scrolls of remove curse
 M - a scroll of enchant armour {unknown}
Potions
 e - 2 potions of brilliance
 g - 3 potions of flight
 n - 3 potions of attraction
 p - 3 potions of lignification
 q - a potion of mutation
 r - 2 potions of ambrosia
 w - 5 potions of curing
 x - 2 potions of invisibility
 C - a potion of cancellation {unknown}


   Skills:
 + Level 5.8 Fighting
 + Level 9.9 Long Blades
 + Level 5.6 Throwing
 + Level 7.9 Armour
 + Level 5.0 Dodging
 + Level 1.6 Stealth
 + Level 10.3 Invocations


You had 10 spell levels left.
You didn't know any spells.
Your spell library contained the following spells:

 Spells                   Type           Power        Failure   Level
 Corona                   Hex            0%           73%         1
 Magic Dart               Conj           0%           73%         1
 Searing Ray              Conj           0%           86%         2
 Confusing Touch          Hex            0%           97%         3
 Dazzling Flash           Conj/Hex       0%           97%         3
 Gell's Gravitas          Tloc           0%           97%         3
 Fulminant Prism          Conj/Hex       0%           100%        4
 Iskenderun's Mystic Bla  Conj/Tloc      0%           100%        4
 Petrify                  Tmut/Erth      0%           100%        4
 Metabolic Englaciation   Hex/Ice        0%           100%        5
 Silence                  Hex/Air        0%           100%        5
 Yara's Violent Unravell  Hex/Tmut       0%           100%        5


Dungeon Overview and Level Annotations

Branches:
Dungeon (12/15)            Temple (0/1) D:5            Lair (0/6) D:9
    Orc (0/2) D:11          IceCv (1/1)

Altars:
Cheibriados
Dithmenos
Gozag
Kikubaaqudgha
Makhleb
Nemelex Xobeh
Okawaru
Qazlal
Ru
Sif Muna
Vehumet
Wu Jian
Xom
Yredelemnul
Zin

Shops:
D:5 (

Annotations:
D:9 2 transporters, exclusion: oklob plant, H0rd4k's ghost, novice HuAr
D:12 Rupert IceCv exclusion: ice statue


Innate Abilities, Weirdness & Mutations

You have large cloven feet.
You are completely covered in yellow scales. (AC +4, rCorr)
You are mostly covered in sharp spines.
When hurt, damage is shared between your health and your magic reserves.


Message History

The ice statue glitters chillingly in the dim dungeon light.
The ice statue gestures at you.
The bolt of cold hits you but does no damage.
The bolt of cold hits the ice beast.
The ice beast completely resists.
You hit the ice statue.
The ice statue is lightly damaged.
You are engulfed in freezing vapours.
The ice beast hits you. The ice beast freezes you!
* * * LOW HITPOINT WARNING * * *
The ice beast closely misses you. The ice beast completely misses you.
Unknown command.
You feel yourself speed up.
You are engulfed in freezing vapours.
* * * LOW HITPOINT WARNING * * *
The ice beast is struck by your spines. The ice beast barely misses you.
The ice beast hits you but does no damage.
The ice beast is struck by your spines.
The ice beast hits you but does no damage.
You feel very mighty all of a sudden.
You are engulfed in freezing vapours.
You die...

##### # ###...## .
# ##......# .#)
##...##..# ###.#
###...##...#
#...####...####..##
#Y8.##...####†.####
#@°°##..###..#†##.
#YY###..##.°≈°#..#
#○.####..##..##.#.
##..#...(.##.†##.#
##....#.####..###
######## ##.##
#..## ##...# #...##


You could see an ice statue and 3 ice beasts.

Vanquished Creatures
  A two-headed ogre (D:8)
  3 death yaks (D:9)
  An ugly thing (D:11)
  Joseph (D:9)
  3 trolls
  2 polar bears (IceCv)
  2 wyverns (D:8)
  A vampire (D:11)
  A yak (IceCv)
  Grum (D:8)
  4 wargs (D:11)
  2 ice beasts
  3 phantoms (D:9)
  6 orc warriors
  A black bear (D:8)
  5 ogres
  A sky beast (D:10)
  An eye of draining (D:10)
  9 wolves
  4 centaurs
  11 bullfrogs
  A scorpion (D:4)
  3 killer bees (D:8)
  3 howler monkeys
  A bullfrog zombie (D:11)
  A quasit (D:6)
  A centaur zombie (D:5)
  2 hounds
  6 orc priests
  4 jellies
  Crazy Yiuf (D:4)
  3 bullfrog skeletons
  A gnoll shaman (D:4)
  10 orc wizards
  2 centaur skeletons
  Jessica (D:3)
  3 iguanas
  Terence (D:1)
  Natasha (thrice) (D:3)
  5 worker ants
  A hound zombie (D:7)
  A hound skeleton (D:9)
  17 gnolls
  5 adders
  4 river rats (D:9)
  2 shadow imps
  14 white imps
  2 oozes
  An adder skeleton (D:8)
  4 worms (D:2)
  2 dart slugs
  7 leopard geckos
  32 orcs
  4 bats
  A bat zombie (D:7)
  3 giant cockroaches
  5 goblins
  12 hobgoblins
  10 jackals
  5 quokkas
  2 frilled lizards (D:2)
  7 kobolds
  A leopard gecko zombie (D:7)
  8 rats
  A rat zombie (D:7)
266 creatures vanquished.

Vanquished Creatures (collateral kills)
  A boulder beetle (D:12)
  An orc (D:10)
2 creatures vanquished.

Vanquished Creatures (others)
  A yak (IceCv)
  A bullfrog skeleton (D:10)
  An ufetubus (D:10)
3 creatures vanquished.

Grand Total: 271 creatures vanquished

Notes
Turn   | Place    | Note
-------+----------+-------------------------------------------
     0 | D:1      | Eitelfritz the Demonspawn Gladiator began the quest for the
                  | Orb.
     0 | D:1      | Reached XP level 1. HP: 16/16 MP: 1/1
   588 | D:1      | Gained mutation: You are partially covered in yellow
                  | scales. (AC +2) [demonic ancestry]
   588 | D:1      | Reached XP level 2. HP: 12/22 MP: 2/2
  1510 | D:2      | Noticed Terence
  1523 | D:1      | Reached XP level 3. HP: 27/27 MP: 3/3
  1543 | D:1      | Killed Terence
  1544 | D:1      | Reached skill level 1 in Armour
  1904 | D:2      | Found a basalt altar of Yredelemnul.
  1975 | D:2      | Gained mutation: You are mostly covered in yellow scales.
                  | (AC +3) [demonic ancestry]
  1975 | D:2      | Reached XP level 4. HP: 33/33 MP: 4/4
  2278 | D:2      | Found an opulent altar of Gozag.
  2294 | D:2      | Found a sparkling altar of Nemelex Xobeh.
  2726 | D:3      | Noticed Natasha
  3046 | D:3      | Killed Natasha
  3131 | D:3      | Noticed Jessica
  3136 | D:3      | Noticed Natasha
  3139 | D:3      | Killed Jessica
  3140 | D:3      | Gained mutation: When hurt, damage is shared between your
                  | health and your magic reserves. [demonic ancestry]
  3140 | D:3      | Reached XP level 5. HP: 28/39 MP: 5/5
  3145 | D:3      | Killed Natasha
  3174 | D:3      | Noticed Natasha
  3181 | D:3      | Killed Natasha
  3513 | D:3      | Found a sacrificial altar of Ru.
  3918 | D:3      | Found an ornate altar of the Wu Jian Council.
  3928 | D:3      | Gained mutation: You have large cloven feet. [demonic
                  | ancestry]
  3928 | D:3      | Reached XP level 6. HP: 46/46 MP: 6/6
  4027 | D:4      | Found an iron altar of Okawaru.
  4542 | D:4      | Found a runed translucent door.
  4543 | D:4      | Noticed Crazy Yiuf
  4578 | D:4      | Found a glowing silver altar of Zin.
  4581 | D:4      | Found a burning altar of Makhleb.
  4584 | D:4      | Found a snail-covered altar of Cheibriados.
  4587 | D:4      | Found a radiant altar of Vehumet.
  4593 | D:4      | Became a worshipper of Makhleb the Destroyer
  4745 | D:4      | Reached skill level 1 in Invocations
  5461 | D:4      | Killed Crazy Yiuf
  5605 | D:5      | Entered Level 5 of the Dungeon
  5609 | D:5      | Reached skill level 5 in Long Blades
  5609 | D:5      | Reached skill level 2 in Invocations
  5609 | D:5      | Reached XP level 7. HP: 52/52 MP: 8/8
  5951 | D:5      | Found a sacrificial altar of Ru.
  6203 | D:5      | Found a staircase to the Ecumenical Temple.
  6337 | D:5      | Found Jakkask's Antique Weapon Boutique.
  6372 | D:5      | Reached skill level 3 in Invocations
  6853 | D:6      | Reached * piety under Makhleb
  7084 | D:6      | Reached XP level 8. HP: 58/58 MP: 10/10
  7088 | D:6      | Found an opulent altar of Gozag.
  7315 | D:6      | Reached skill level 4 in Invocations
  8721 | D:7      | Reached skill level 5 in Invocations
  9019 | D:7      | Reached skill level 1 in Stealth
  9112 | D:7      | Gained mutation: You are partially covered in sharp spines.
                  | [demonic ancestry]
  9112 | D:7      | Reached XP level 9. HP: 65/65 MP: 13/13
  9194 | D:7      | Reached ** piety under Makhleb
  9377 | D:7      | Found an ancient bone altar of Kikubaaqudgha.
  9848 | D:8      | Reached skill level 6 in Invocations
  9934 | D:8      | Reached skill level 5 in Throwing
  9934 | D:8      | Reached skill level 5 in Armour
 10080 | D:8      | Noticed a two-headed ogre
 10103 | D:8      | Killed a two-headed ogre
 10522 | D:8      | Found a stormy altar of Qazlal.
 10552 | D:8      | Found a shimmering blue altar of Sif Muna.
 10693 | D:8      | Noticed Grum
 10705 | D:8      | Killed Grum
 10706 | D:8      | Gained mutation: You are mostly covered in sharp spines.
                  | [demonic ancestry]
 10706 | D:8      | Reached XP level 10. HP: 63/73 MP: 10/15
 10947 | D:9      | Found a transporter.
 10947 | D:9      | Found a staircase to the Lair.
 10947 | D:9      | Noticed a death yak
 10954 | D:9      | Found a transporter.
 10965 | D:9      | Noticed a death yak
 10966 | D:9      | Noticed a death yak
 10991 | D:9      | Killed a death yak
 10992 | D:9      | Reached skill level 5 in Fighting
 10992 | D:9      | Reached skill level 7 in Invocations
 10996 | D:9      | Killed a death yak
 10997 | D:9      | Reached skill level 8 in Invocations
 11002 | D:9      | Killed a death yak
 11002 | D:9      | Reached *** piety under Makhleb
 11072 | D:9      | Noticed H0rd4k's ghost (novice HuAr)
 11078 | D:9      | Noticed an oklob plant
 11155 | D:9      | Noticed Joseph
 11170 | D:9      | Killed Joseph
 11171 | D:9      | Reached skill level 9 in Invocations
 11397 | D:9      | Found a shimmering altar of Xom.
 11514 | D:9      | Found a shadowy altar of Dithmenos.
 11598 | D:10     | Entered Level 10 of the Dungeon
 12152 | D:10     | Reached **** piety under Makhleb
 12156 | D:10     | Gained mutation: You are completely covered in yellow
                  | scales. (AC +4, rCorr) [demonic ancestry]
 12156 | D:10     | Reached XP level 11. HP: 80/80 MP: 16/18
 12779 | D:11     | Found a staircase to the Orcish Mines.
 12813 | D:11     | You fall into a shaft and drop 1 floor!
 12822 | D:12     | Reached skill level 10 in Invocations
 12830 | D:12     | Noticed a boulder beetle
 12845 | D:12     | Noticed Rupert
 12849 | D:12     | HP: 2/80 [boulder beetle (15)]
 12856 | D:12     | Killed a boulder beetle
 12948 | D:11     | Noticed a red ugly thing
 12957 | D:11     | Killed a red ugly thing
 13067 | D:11     | Identified the Grimoire of Ashen Execration
 13089 | D:11     | Found a frozen archway.
 13153 | IceCv    | Entered an ice cave
 13161 | IceCv    | Reached skill level 5 in Dodging
 13225 | IceCv    | Reached ***** piety under Makhleb
 13359 | IceCv    | Engulfed by an ice statue's freezing vapour

Illustrated notes

Levels and vault maps discovered:
D:1:      shiori_arrival_elements, layout_basic
D:2:      layout_rooms, grunt_temple_overflow_opulence,
          yredelemnul_altar_generic, uniq_terence
D:3:      layout_basic, lemuel_round_altar, lemuel_doored_altar, uniq_natasha,
          uniq_jessica
D:4:      layout_gridville, okawaru_altar_gauntlet_db,
          grunt_temple_overflow_cloverleaf, minmay_misc_feat_plants,
          uniq_crazy_yiuf_cottage
D:5:      layout_gridville, minmay_temple_entry_glass, serial_shops, shop,
          minmay_crystal_room, corexii_leaking_fountain,
          nicolae_ru_sacrificial_ziggurat
D:6:      kb_forest_paths, layout_layer_cave, grunt_gozag_statues
D:7:      layout_basic, lemuel_zombie_altar_kikubaaqudgha
D:8:      kennysheep_orc_sif_temple, layout_loops_ring, kennysheep_mini_moat,
          uniq_grum
D:9:      layout_big_octagon, xom_butterflies, lemuel_round_altar,
          dpeg_lair_monsters, nzn_ghost_randoct, uniq_joseph
D:10:     layout_loops_ring, amcnicky_mini_corridor_feature,
          lemuel_flamethrower_2
D:11:     layout_basic, minmay_orc_entry_guard_dogs, portal_ice_cave_entry_imps
D:12:     layout_small_grid, basic_altar, uniq_rupert
IceCv:    ice_cave_caverns_02

Skill      XL: |  1  2  3  4  5  6  7  8  9 10 11 |
---------------+----------------------------------+-----
Dodging        | 3 4 5 |  5.0
Long Blades    | 3 4 5 6 7 9 |  9.9
Armour         | 1 2 3 4 6 7 |  7.9
Throwing       | 2 3 4 5 |  5.6
Invocations    | 2 3 5 6 9 10 | 10.3
Fighting       | 3 4 5 |  5.8
Stealth        | 1 |  1.6

Action                   |  1- 3 |  4- 6 |  7- 9 | 10-12 || total
-------------------------+-------+-------+-------+-------++-------
Melee: Long sword        |   103 |   129 |   273 |   249 ||   754
       Kick              |       |    18 |   114 |   108 ||   240
Throw: Dart              |       |    58 |    66 |    26 ||   150
Invok: Minor Destruction |       |       |    17 |    41 ||    58
       Lesser Servant of |       |       |       |     2 ||     2
  Use: Scroll            |       |    18 |     4 |     4 ||    26
       Potion            |       |       |     2 |     6 ||     8
Armor: Leather armour    |    36 |       |       |       ||    36
       Scale mail        |     5 |    67 |   153 |   130 ||   355
Dodge: Dodged            |    89 |    99 |   189 |   152 ||   529
       Rpst.: Long sword |    28 |    22 |    52 |    43 ||   145
